 Dungeon Crawl Stone Soup version 0.30-a0-297-g0ec75d9ef4 (webtiles) character file.

Game seed: 5753235051675785309

51 pascalblue the Magician (level 3, 0/19 HPs)
             Began as a Deep Elf Fire Elementalist on Oct 19, 2022.
             Slain by Terence
             ... wielding a +0 short sword
              (5 damage)
             ... on level 2 of the Dungeon.
             The game lasted 00:05:46 (1451 turns).

pascalblue the Magician (DEFE)                      Turns: 1451, Time: 00:05:47

Health: 0/19       AC:  2    Str:  5    XL:     3   Next: 58%
Magic:  7/10       EV: 12    Int: 21    God:
Gold:   85         SH:  0    Dex: 15    Spells: 7/10 levels left

rFire   . . .      SeeInvis .    (no weapon)
rCold   . . .      Faith    .    (no shield)
rNeg    . . .      Spirit   .    a - +0 robe
rPois   .          Reflect  .    (no helmet)
rElec   .          Harm     .    (no cloak)
rCorr   .          Rampage  .    (no gloves)
Will    .....                    (no boots)
Stlth   ++........               (no amulet)
HPRegen 0.23/turn                (no ring)
MPRegen 0.12/turn                (no ring)

@: no status effects
A: no striking features
a: no special abilities


You were on level 2 of the Dungeon.
You visited 1 branch of the dungeon, and saw 2 of its levels.

You collected 85 gold pieces.

Inventory:

Armour
 a - a +0 robe (worn)
Jewellery
 f - an amulet of magic regeneration
Scrolls
 c - 2 scrolls of butterflies
 e - a scroll of torment
Potions
 b - a potion of magic
 d - 2 potions of brilliance
 h - a potion of cancellation {unknown}
 i - 2 potions of resistance {unknown}
 j - a potion of lignification {unknown}
 l - a potion of heal wounds {unknown}
 m - 2 potions of might {unknown}
 n - a potion of degeneration {unknown}


   Skills:
 - Level 2.4 Dodging
 - Level 2.4 Stealth
 * Level 4.3 Spellcasting
 + Level 1.9 Conjurations
 * Level 4.0 Fire Magic


You had 7 spell levels left.
You knew the following spells:

 Your Spells              Type           Power      Damage    Failure   Level
a - Foxfire               Conj/Fire      68%        2x1d7     3%          1
b - Scorch                Fire           42%        2d7       3%          2

Your spell library contained the following spells:

 Spells                   Type           Power      Damage    Failure   Level
 Inner Flame              Hex/Fire       13%        N/A       16%         3
 Kindle Blastsparks       Fire/Tloc/Air  20%        2d11      21%         3
 Flame Wave               Conj/Fire      17%        2d7       34%         4
 Yara's Violent Unravell  Hex/Tmut       2%         3d3       97%         5
 Enfeeble                 Hex            2%         N/A       100%        7


Dungeon Overview and Level Annotations

Branches:
Dungeon (2/15)

Altars:

Annotations:
D:2 Terence


Message History

You see here a +0 robe.
Terence the Incautious comes into view.
He is wielding a +0 short sword.
You see here a +0 robe.
There is an open door here.
Casting: Foxfire (safe; 3% risk of failure)
Confirm with . or Enter, or press ? or * to list all spells.
Okay, then.
There is an open door here.
You see here a +0 robe.
You see here a +0 robe.
Terence attacks as you move away! Terence hits you with a +0 short sword.
Terence attacks as you move away! Terence hits you with a +0 short sword.
There is an open door here.
Terence attacks as you move away! Terence hits you with a +0 short sword.
Casting: Foxfire (safe; 3% risk of failure)
Confirm with . or Enter, or press ? or * to list all spells.
You conjure some foxfire!
Terence hits you with a +0 short sword.
* * * LOW HITPOINT WARNING * * *
The foxfire hits Terence.
Terence is lightly wounded.
The foxfire hits Terence but does no damage.
Terence is lightly wounded.
Casting: Foxfire (safe; 3% risk of failure)
Confirm with . or Enter, or press ? or * to list all spells.
Okay, then.
Okay, then.
Okay, then.
Casting: Foxfire (safe; 3% risk of failure)
Confirm with . or Enter, or press ? or * to list all spells.
You conjure some foxfire!
Terence closely misses you. Terence attacks as you move away!
Terence hits you with a +0 short sword.
* * * LOW HITPOINT WARNING * * *
The foxfire hits Terence.
Terence is lightly wounded.
The foxfire hits Terence.
Terence is moderately wounded.
Casting: Foxfire (safe; 3% risk of failure)
Confirm with . or Enter, or press ? or * to list all spells.
You conjure some foxfire!
Terence hits you with a +0 short sword.
You die...

#...[....# #.######.#
#.######.# #.#....#.#
#.#.##.#'###
#.#.##.....#
#.#.##.....#
#.#.##.@v..#
#.##<@v..# #.##.....#
#..'.....#
#.####.....#
#....'.....# #######
######.....# #.....#
#.....# #.....###
#.....#
##....<..#########'###


You could see Terence (ally target).

Vanquished Creatures
  An adder (D:2)
  4 bats (D:1)
  3 endoplasms (D:2)
  A giant cockroach (D:1)
  6 goblins
  8 hobgoblins
  5 kobolds
  A quokka (D:2)
  3 ball pythons
  3 frilled lizards
  3 rats
38 creatures vanquished.

Vanquished Creatures (others)
  84 foxfires
84 creatures vanquished.

Grand Total: 122 creatures vanquished

Notes
Turn   | Place    | Note
-------+----------+-------------------------------------------
     0 | D:1      | pascalblue the Deep Elf Fire Elementalist began the quest
                  | for the Orb.
     0 | D:1      | Reached XP level 1. HP: 10/10 MP: 6/6
   103 | D:1      | Reached XP level 2. HP: 15/15 MP: 0/8
  1041 | D:2      | Reached XP level 3. HP: 4/19 MP: 8/10
  1106 | D:2      | Learned a level 2 spell: Scorch
  1412 | D:2      | Noticed Terence
  1451 | D:2      | Slain by Terence

Illustrated notes

Levels and vault maps discovered:
D:1:      minmay_arrival_loop, layout_basic, kennysheep_boxes
D:2:      layout_basic, uniq_terence

Skill      XL: |  1  2  3 |
---------------+----------+-----
Spellcasting   | 4 |  4.3
Fire Magic     | 4 |  4.0
Dodging        | |  2.4
Stealth        | |  2.4
Conjurations   | |  1.9

Action                   || total
-------------------------++-------
Melee: Unarmed           ||     2
 Cast: Foxfire           ||    53
  Use: Scroll            ||     8
Armor: Robe              ||     3
Dodge: Dodged            ||    14

Table legend: (Time is in decaauts)
 A = Elapsed time spent in this place.
 B = Non-inter-level travel time spent in this place.
 C = Inter-level travel time spent in this place.
 D = Time resting spent in this place.
 E = Time spent auto-exploring this place.
 F = Levels seen in this place.
 G = Mean time per level.
                   A        B        C        D        E       F      G
               +--------+--------+--------+--------+--------+-----+--------+
         Total |   1471 |   1442 |     29 |     62 |   1043 |   2 |  735.5 |
       Dungeon |   1471 |   1442 |     29 |     62 |   1043 |   2 |  735.5 |
               +--------+--------+--------+--------+--------+-----+--------+

Top non-repeatable levels by time:
     D:1: 956 daAuts
     D:2: 515 daAuts
